 Dungeon Crawl Stone Soup version 0.18.1-8-gdd0e5ea (webtiles) character file.

374 shmeve the Skirmisher (level 6, 0/55 HPs)
             Began as a Draconian Fighter on May 26, 2016.
             Slain by an orc priest
             ... wielding a +0 hand axe
              (1 damage)
             ... on level 3 of the Dungeon on May 27, 2016.
             The game lasted 00:07:24 (3110 turns).

shmeve the Skirmisher (Draconian Fighter)           Turns: 3110, Time: 00:07:24

Health: 0/55       AC:  8    Str: 21    XL:     6   Next: 43%
Magic:  6/6        EV: 11    Int:  8    God:
Gold:   115        SH:  9    Dex: 10    Spells: 0 memorised, 5 levels left

rFire  . . .     SeeInvis .     a - +0 war axe
rCold  . . .     Gourm    .     (armour unavailable)
rNeg   . . .     Faith    .     b - +0 shield
rPois  .         Spirit   .     (helmet restricted)
rElec  .         Dismiss  .     (no cloak)
rCorr  .         Reflect  .     j - +0 pair of gloves
SustAt .         Harm     .     q - +0 pair of boots
MR     .....                    (no amulet)
Stlth  +++.......               (no ring)
                                o - ring of stealth

@: not resistant to hostile enchantments, fairly stealthy
A: unfitting armour, cold-blooded, AC +6
a: no special abilities


You were on level 3 of the Dungeon.
You were not hungry.

You visited 1 branch of the dungeon, and saw 3 of its levels.

You collected 115 gold pieces.

Inventory:

Hand Weapons
 a - a +0 war axe (weapon)
Armour
 b - a +0 shield (worn)
 j - a +0 pair of gloves (worn)
 q - a +0 pair of boots (worn)
Jewellery
 o - a ring of stealth (left hand)
Wands
 v - a wand of confusion (27/48)
Scrolls
 e - a scroll of fear {unknown}
 f - 3 scrolls of remove curse {unknown}
 g - 3 scrolls of teleportation {unknown}
 i - a scroll of magic mapping {unknown}
 k - a scroll of enchant armour {unknown}
 l - 2 scrolls of random uselessness {unknown}
 m - a scroll of recharging {unknown}
 r - a scroll of blinking {unknown}
 s - a scroll of immolation {unknown}
 u - a scroll of identify {unknown}
Potions
 c - a potion of curing {unknown}
 n - 2 potions of haste {unknown}
 p - a potion of lignification {unknown}
 t - a potion of degeneration {unknown}
Comestibles
 d - 4 bread rations
 h - 2 meat rations
 w - a slice of pizza
 x - a chunk of flesh


   Skills:
 * Level 4.8 Fighting
 * Level 3.4 Axes
 * Level 4.0 Dodging
 + Level 1.8 Stealth
 * Level 4.2 Shields


You had 5 spell levels left.
You didn't know any spells.

Dungeon Overview and Level Annotations

Branches:
Dungeon (3/15)

Altars:
Fedhas


Innate Abilities, Weirdness & Mutations

Your plain brown scales are hard (AC +6).
Your body does not fit into most forms of armour.
You are cold-blooded and may be slowed by cold attacks.


Message History

The orc priest is almost dead.
The orc priest hits you but does no damage.
The orc priest calls down the wrath of Beogh upon you.
Beogh smites you!
* * * LOW HITPOINT WARNING * * *
You block the orc priest's attack. The orc priest misses you.
You barely miss the orc priest.
The orc priest is almost dead.
You closely miss the orc priest.
The orc priest is heavily wounded.
The orc priest barely misses you.
The orc priest invokes the aid of Beogh against you.
Beogh smites you!
* * * LOW HITPOINT WARNING * * *
You closely miss the orc priest.
The orc priest is almost dead.
Your shield prevents you from hitting the orc priest.
The orc priest is heavily wounded.
The orc priest hits you with a hand axe.
You die...

#.#<.<..........##..##
#.#.###.......#....## ###
#.#.# ##.....###...### #.##
#.#.# #########...... #..###
#.#.# ##......#.##
#....###.#.#######.....###.##
##.#....((.#.....#.#.### #...
#.#####.#..)o.....#.########
#...###(#.(@).....#.......##
#....†..#..o).....#.......#
#....†.......<............#
#......##.>.......##......#
#......##.................#
#......##.................##
#......##.........##........
#......##.........#.........
#......##...........########


You could see 2 orc priests.

Vanquished Creatures
  Sigmund (D:3)
  The ghost of Talea the Skirmisher, an amateur GrBe of Trog (D:3)
  Robin (D:3)
  4 adders
  An ooze (D:3)
  2 worms (D:2)
  A dart slug (D:2)
  2 giant geckos
  7 orcs (D:3)
  3 giant cockroaches
  18 goblins
  13 hobgoblins
  7 bats
  10 giant newts
  10 kobolds
  4 rats
85 creatures vanquished.

Vanquished Creatures (others)
  A bat (D:1)
  A giant newt (D:1)
2 creatures vanquished.

Grand Total: 87 creatures vanquished

Notes
Turn   | Place    | Note
--------------------------------------------------------------
     0 | D:1      | shmeve the Draconian Fighter began the quest for the Orb.
     0 | D:1      | Reached XP level 1. HP: 19/19 MP: 1/1
   333 | D:1      | Reached XP level 2. HP: 26/26 MP: 2/2
   996 | D:2      | Found a blossoming altar of Fedhas.
  1005 | D:2      | Reached XP level 3. HP: 27/33 MP: 3/3
  1889 | D:3      | Noticed Robin
  1889 | D:3      | Reached XP level 4. HP: 40/40 MP: 4/4
  1903 | D:3      | HP: 1/40 [Robin/falchion (6)]
  1905 | D:3      | Killed Robin
  1911 | D:3      | HP: 1/40 [goblin/club (1)]
  2162 | D:3      | Noticed Talea's ghost (amateur GrBe)
  2172 | D:3      | Killed Talea's ghost
  2172 | D:3      | Reached skill level 1 in Stealth
  2172 | D:3      | Reached XP level 5. HP: 10/47 MP: 5/5
  2635 | D:3      | Noticed Sigmund
  2660 | D:3      | Killed Sigmund
  2660 | D:3      | Reached XP level 6. HP: 13/55 MP: 6/6
  2968 | D:3      | Found a faded altar to an unknown god.
  3109 | D:3      | HP: 1/55 [orc priest/divine providence (10)]
  3110 | D:3      | Slain by an orc priest

Skill      XL: |  1  2  3  4  5 |
---------------+----------------+-----
Dodging        | 3 4 |  4.0
Fighting       | 4 |  4.8
Axes           | 3 |  3.4
Stealth        | 1 |  1.8
Shields        | 4 |  4.2

Action                   |  1- 3 |  4- 6 || total
-------------------------+-------+-------++-------
Melee: War axe           |    99 |    86 ||   185
       Tailslap          |    16 |     4 ||    20
Evoke: Wand              |       |     1 ||     1
  Use: Potion            |       |     1 ||     1
 Stab: Sleeping          |     1 |     4 ||     5
       Confused          |       |     1 ||     1
  Eat: Chunk             |     2 |     5 ||     7
Armor: Skin              |    37 |    37 ||    74
Dodge: Dodged            |    50 |    68 ||   118
Block: Shield            |    45 |    48 ||    93
